 Dungeon Crawl Stone Soup version 0.26.1-11-gd32895ea62 (webtiles) character file.

Game seed: 13797585325592778981

1001 Zeld the Cudgeller (level 8, -2/50 HPs)
             Began as an Octopode Warper on May 17, 2021.
             Was an Initiate of Makhleb.
             Slain by an orc warrior
             ... wielding a +0 trident of flaming
              (22 damage)
             ... on level 4 of the Dungeon.
             The game lasted 00:08:15 (7055 turns).

Zeld the Cudgeller (Octopode Warper)                Turns: 7055, Time: 00:08:16

Health: -2/50      AC:  1    Str: 12    XL:     8   Next: 20%
Magic:  14/14      EV: 13    Int: 15    God:    Makhleb [......]
Gold:   195        SH:  0    Dex: 12    Spells: 5/16 levels left

rFire    . . .     SeeInvis .   f - +0 mace
rCold    . . .     Faith    .   (no shield)
rNeg     . . .     Spirit   .   (helmet restricted)
rPois    .         Reflect  .   (no amulet)
rElec    .         Harm     .   (no ring)
rCorr    .         Rampage  .   (no ring)
Will     .....                  (no ring)
Stlth    ++........             (no ring)
HPRegen  0.16/turn              (no ring)
MPRegen  0.14/turn              (no ring)
                                (no ring)
                                (no ring)

@: no status effects
A: almost no armour, stealthy swim, amphibious, 8 rings, constrict 8, camouflage
1, gelatinous body 1
a: Renounce Religion


You were on level 4 of the Dungeon.
You worshipped Makhleb.
Makhleb was noncommittal.
You visited 1 branch of the dungeon, and saw 4 of its levels.

You collected 195 gold pieces.

Inventory:

Hand Weapons
 a - a +0 mace
 f - a +0 mace (weapon)
Missiles
 b - 5 boomerangs of dispersal
 t - 3 boomerangs (quivered)
Wands
 q - a wand of polymorph (9)
 v - a wand of disintegration (14)
Scrolls
 c - 2 scrolls of blinking
 g - 2 scrolls of fear {unknown}
 i - 2 scrolls of immolation {unknown}
 k - 2 scrolls of fog {unknown}
 l - 2 scrolls of enchant armour {unknown}
 m - 2 scrolls of teleportation {unknown}
 n - 3 scrolls of remove curse {unknown}
 s - 3 scrolls of identify {unknown}
 u - a scroll of magic mapping {unknown}
Potions
 d - a potion of haste {unknown}
 e - 2 potions of curing
 h - 2 potions of degeneration {unknown}
 j - a potion of magic {unknown}
 o - a potion of lignification {unknown}
 p - a potion of resistance {unknown}
 r - a potion of heal wounds {unknown}
 w - a potion of mutation {unknown}
 x - 2 potions of might {unknown}
 z - 2 potions of flight {unknown}


   Skills:
 - Level 2.0 Fighting
 * Level 6.8 Maces & Flails
 - Level 1.0 Throwing
 - Level 2.3 Dodging
 + Level 4.5 Spellcasting
 + Level 5.4 Translocations


You had 5 spell levels left.
You knew the following spells:

 Your Spells              Type           Power        Failure   Level
a - Blink                 Tloc           N/A          2%          2
b - Gell's Gravitas       Tloc           9%           5%          3
c - Lesser Beckoning      Tloc           9%           5%          3
d - Teleport Other        Tloc           19%          5%          3

Your spell library contained the following spells:

 Spells                   Type           Power        Failure   Level
 Passage of Golubria      Tloc           N/A          19%         4
 Confusing Touch          Hex            3%           45%         3
 Petrify                  Tmut/Erth      3%           86%         4
 Metabolic Englaciation   Hex/Ice        1%           99%         5
 Yara's Violent Unravell  Hex/Tmut       1%           99%         5


Dungeon Overview and Level Annotations

Branches:
Dungeon (4/15)
 Temple: D:4-7

Altars:
Elyvilon
Makhleb
Sif Muna
Trog
The Shining One


Innate Abilities, Weirdness & Mutations

You cannot wear most types of armour.
You are very stealthy in the water. (Stealth+)
You are amphibious.
You can wear up to eight rings at the same time.
You can use your tentacles to constrict eight enemies at once.
Your skin changes colour to match your surroundings (Stealth+).
Your rubbery body absorbs attacks. (AC +1, EV +1)


Message History

The orc warrior burns you.
You barely miss the orc warrior. You grab the orc warrior.
You constrict the orc warrior. The orc warrior misses you.
You hit the orc warrior. You squeeze the orc warrior!
The orc warrior is moderately wounded.
You constrict the orc warrior.
You hit the orc warrior but do no damage.
The orc warrior is moderately wounded.
You constrict the orc warrior, but do no damage.
The orc warrior hits you with a +0 trident of flaming!
The orc warrior burns you.
You are too injured to fight recklessly!
You are too injured to fight recklessly!
You are too injured to fight recklessly!
You are too injured to fight recklessly!
You hit the orc warrior.
The orc warrior is heavily wounded.
You constrict the orc warrior, but do no damage.
The orc warrior hits you with a +0 trident of flaming!!
You die...

#.... ###( #.... ##########.#
#....# #....
...........####.....# #. .....
#....#######..# ....# ... ##
..##.# ##.:_###...# #.#.# ##
..##.# ##....##....##.>#.# #.
..##.####.).###o....#.....###.##.
......##...###..@................
......#...#∩#...#......>.........
..##.....###...####....##.>......
..##....###?..##..#..####........
..##...##....###.....# #........
..##..###_).##.......## #........
####....#..##.....#...###........
#....### .....####..##........
#....... ..... ##...........


You could see an orc warrior.

Vanquished Creatures
  Sigmund (D:2)
  Eustachio (D:4)
  An ogre (D:4)
  A howler monkey (D:4)
  A crimson imp (D:4)
  6 orc wizards
  An iguana (D:4)
  Natasha (thrice) (D:2)
  Terence (D:3)
  2 worker ants
  Robin (D:2)
  8 adders
  An ooze (D:3)
  5 worms
  2 dart slugs
  3 leopard geckos
  13 orcs
  7 bats
  4 giant cockroaches
  11 goblins
  10 hobgoblins
  12 jackals
  2 ball pythons
  5 frilled lizards
  6 kobolds
  A quokka skeleton (D:4)
  9 rats
118 creatures vanquished.

Notes
Turn   | Place    | Note
-------+----------+-------------------------------------------
     0 | D:1      | Zeld the Octopode Warper began the quest for the Orb.
     0 | D:1      | Reached XP level 1. HP: 14/14 MP: 3/3
   126 | D:1      | Reached XP level 2. HP: 16/19 MP: 5/5
   129 | D:1      | Learned a level 2 spell: Blink
   820 | D:1      | Reached XP level 3. HP: 10/24 MP: 6/6
   824 | D:1      | Learned a level 3 spell: Gell's Gravitas
  1347 | D:2      | Reached skill level 3 in Maces & Flails
  1583 | D:2      | Noticed Natasha
  1591 | D:2      | HP: 1/24 [Natasha (10)]
  1592 | D:2      | Killed Natasha
  1593 | D:2      | Reached XP level 4. HP: 1/29 MP: 7/7
  1597 | D:2      | Learned a level 3 spell: Lesser Beckoning
  1797 | D:2      | Noticed Natasha
  1814 | D:2      | Killed Natasha
  2001 | D:2      | Noticed Natasha
  2419 | D:2      | Killed Natasha
  2420 | D:2      | Reached XP level 5. HP: 24/34 MP: 9/9
  2530 | D:2      | Noticed Robin
  2808 | D:2      | Killed Robin
  2809 | D:2      | Reached skill level 4 in Maces & Flails
  3049 | D:2      | Found a glowing golden altar of the Shining One.
  3191 | D:2      | Noticed Sigmund
  3197 | D:2      | Killed Sigmund
  3198 | D:2      | Reached XP level 6. HP: 39/39 MP: 9/11
  3205 | D:2      | Learned a level 3 spell: Teleport Other
  3521 | D:3      | Reached skill level 5 in Maces & Flails
  3843 | D:3      | Noticed Terence
  3860 | D:3      | Killed Terence
  4243 | D:3      | Reached XP level 7. HP: 43/45 MP: 12/12
  5035 | D:4      | Noticed Eustachio
  5043 | D:4      | Killed Eustachio
  5050 | D:4      | Reached skill level 6 in Maces & Flails
  5526 | D:4      | Reached skill level 5 in Translocations
  5573 | D:4      | Found a bloodstained altar of Trog.
  5604 | D:4      | Found a white marble altar of Elyvilon.
  6432 | D:4      | Found a shimmering blue altar of Sif Muna.
  6438 | D:4      | Reached XP level 8. HP: 31/50 MP: 14/14
  6444 | D:4      | Found a bloodstained altar of Trog.
  6776 | D:4      | Found a burning altar of Makhleb.
  6785 | D:4      | Became a worshipper of Makhleb the Destroyer
  7055 | D:4      | Slain by an orc warrior

Illustrated notes

Levels and vault maps discovered:
D:1:      eino_arrival_cavern_e, layout_rooms
D:2:      layout_loops_corners, tso_altar, uniq_robin, uniq_sigmund,
          uniq_natasha
D:3:      layout_basic, uniq_terence
D:4:      minmay_diamond_boxcup, layout_rooms,
          nzn_overflow_gifts_of_might_and_magic, elyvilon_altar_5,
          makhleb_grotto_becter, minmay_temple_entry_crystal_x,
          trog_three_pillars_becter, uniq_eustachio

Skill      XL: |  1  2  3  4  5  6  7 |
---------------+----------------------+-----
Maces & Flails | 3 4 5 6 |  6.8
Spellcasting   | 3 4 |  4.5
Translocations | 4 5 |  5.4
Fighting       | |  2.0
Throwing       | |  1.0
Dodging        | |  2.3

Action                   |  1- 3 |  4- 6 |  7- 9 || total
-------------------------+-------+-------+-------++-------
Melee: Mace              |    60 |    95 |   115 ||   270
       Constrict         |    15 |    26 |    28 ||    69
       Tentacles         |     5 |    16 |    21 ||    42
Throw: Boomerang         |       |       |     1 ||     1
 Cast: Blink             |     2 |     1 |     2 ||     5
       Gell's Gravitas   |       |     2 |     3 ||     5
  Use: Potion            |     1 |       |       ||     1
 Stab: Sleeping          |     4 |     1 |    10 ||    15
Armor: Skin              |     3 |    11 |     4 ||    18
Dodge: Dodged            |    49 |    62 |    72 ||   183
